 Dungeon Crawl Stone Soup version 0.23.2-40-g277498a001 (webtiles) character file.

Game seed: 800022367646510289

351 KrissU the Chopper (level 6, -5/55 HPs)
             Began as a Minotaur Berserker on Oct 4, 2019.
             Was a Priest of Trog.
             Slain by Pikel
             ... wielding a +2 whip of electrocution
              (19 damage)
             ... on level 7 of the Dungeon.
             The game lasted 00:11:38 (3140 turns).

KrissU the Chopper (Minotaur Berserker)             Turns: 3140, Time: 00:11:39

Health: -5/55      AC:  8    Str: 23    XL:     6   Next: 34%
Magic:  1/1        EV: 12    Int:  3    God:    Trog [***...]
Gold:   169        SH:  0    Dex: 10    Spells: 5/5 levels left

rFire    . . .     SeeInvis .   b - +1 hand axe (antimagic)
rCold    . . .     Gourm    .   (no shield)
rNeg     + + .     Faith    .   u - +0 ring mail
rPois    +         Spirit   .   (helmet restricted)
rElec    .         Reflect  .   i - +2 ratskin cloak {+Rats rPois rN+ Str-1 Int-1 Dex+1}
rCorr    .         Harm     .   (no gloves)
MR       ++...                  (no boots)
Stlth    +.........             (no amulet)
HPRegen  1.18/turn              o - ring of positive energy
MPRegen  0.07/turn              (no ring)

@: regenerating
A: retaliatory headbutt, horns 2
a: Berserk, Trog's Hand, Renounce Religion, Evoke Ratskin


You were on level 7 of the Dungeon.
You worshipped Trog.
Trog was most pleased with you.
You were very hungry.

You visited 1 branch of the dungeon, and saw 5 of its levels.

You collected 169 gold pieces.

Inventory:

Hand Weapons
 b - a +1 antimagic hand axe (weapon)
 l - a +2 quarterstaff of chaos
Missiles
 k - 69 stones (quivered)
Armour
 i - the +2 ratskin cloak (worn) {+Rats rPois rN+ Str-1 Int-1 Dex+1}
   (You found it on level 4 of the Dungeon)

   It affects your strength (-1).
   It affects your intelligence (-1).
   It affects your dexterity (+1).
   It protects you from poison.
   It protects you from negative energy.
 n - a +1 robe of fire resistance
 s - a +0 cloak of magic resistance
 u - a +0 ring mail (worn)
Jewellery
 o - a ring of positive energy (left hand)
Scrolls
 d - 2 scrolls of enchant armour {unknown}
 e - a scroll of amnesia {unknown}
 g - 3 scrolls of enchant weapon
 h - 4 scrolls of remove curse
 m - a scroll of noise {unknown}
 p - a scroll of fear {unknown}
 q - a scroll of immolation {unknown}
 t - a scroll of random uselessness {unknown}
Potions
 a - 2 potions of curing {unknown}
 f - 2 potions of heal wounds {unknown}
 j - 2 potions of flight {unknown}
 r - a potion of might {unknown}
 v - 2 potions of degeneration {unknown}
 w - a potion of brilliance {unknown}
Comestibles
 c - 5 rations
 x - a chunk of flesh


   Skills:
 + Level 4.9 Fighting
 * Level 6.6 Axes
 * Level 3.3 Armour
 * Level 3.5 Dodging
 + Level 1.0 Stealth


You had 5 spell levels left.
You didn't know any spells.
Your spell library was empty.

Dungeon Overview and Level Annotations

Branches:
Dungeon (4/15)
 Temple: D:4-7

Altars:
Fedhas
Makhleb
Nemelex Xobeh
Zin

Annotations:
D:7 Pikel


Innate Abilities, Weirdness & Mutations

You reflexively headbutt those who attack you in melee.
You have a pair of horns on your head.


Message History

Pikel hits you with a +2 whip of electrocution.
You hit Pikel. You headbutt Pikel!
Pikel is almost dead.
You hit Pikel.
Pikel is almost dead.
Pikel hits you but does no damage.
You hit Pikel but do no damage. Your headbutt misses Pikel.
Pikel is almost dead.
Pikel hits you but does no damage.
You are electrocuted!
Your skin crawls.
You feel resistant to hostile enchantments.
You are feeling very hungry.
Pikel hits you with a +2 whip of electrocution.
* * * LOW HITPOINT WARNING * * *
You hit Pikel but do no damage. You headbutt Pikel, but do no damage.
Pikel is almost dead.
Pikel hits you with a +2 whip of electrocution.
* * * LOW HITPOINT WARNING * * *
You are electrocuted!!
You die...

### ####### ..# #.....# ..#
#.....#
..#######################.....###
...Y.Y....p{pppK@.....>..........
..#######################........
ยง.# #.....### ..# #......# ###
#......# ##..##.# #..##.#
#..##.## #..##...


You could see Pikel and 4 slaves.

Vanquished Creatures
  A centaur (D:4)
  A crocodile (D:7)
  A centaur zombie (D:7)
  Crazy Yiuf (D:3)
  A river rat (D:3)
  2 adders (D:2)
  An ooze (D:3)
  4 worms
  4 dart slugs
  A leopard gecko (D:7)
  3 orcs (D:3)
  8 giant cockroaches
  8 goblins
  8 hobgoblins
  7 jackals
  2 quokkas (D:2)
  A ball python (D:3)
  11 bats
  6 frilled lizards
  6 kobolds
  8 rats
85 creatures vanquished.

Notes
Turn   | Place    | Note
-------+----------+-------------------------------------------
     0 | D:1      | KrissU the Minotaur Berserker began the quest for the Orb.
     0 | D:1      | Reached XP level 1. HP: 19/19 MP: 0/0
     7 | D:1      | Found a sparkling altar of Nemelex Xobeh.
    83 | D:1      | Reached skill level 4 in Axes
    97 | D:1      | Reached XP level 2. HP: 13/27 MP: 1/1
   568 | D:2      | Reached XP level 3. HP: 33/33 MP: 2/2
   606 | D:2      | Reached ** piety under Trog
  1312 | D:2      | Reached XP level 4. HP: 34/40 MP: 3/3
  1499 | D:2      | Found a burning altar of Makhleb.
  1499 | D:2      | Noticed a blizzard demon
  1643 | D:3      | Reached skill level 5 in Axes
  1906 | D:3      | Found a glowing silver altar of Zin.
  2062 | D:3      | Found a runed translucent door.
  2063 | D:3      | Noticed Crazy Yiuf
  2072 | D:3      | Killed Crazy Yiuf
  2164 | D:3      | Reached XP level 5. HP: 47/47 MP: 1/4
  2388 | D:3      | Reached *** piety under Trog
  2707 | D:4      | Found the +2 ratskin cloak {+Rats rPois rN+ Str-1 Int-1
                  | Dex+1}
  2719 | D:4      | Found a blossoming altar of Fedhas.
  2723 | D:4      | Noticed a centaur
  2796 | D:4      | Killed a centaur
  2796 | D:4      | Reached skill level 6 in Axes
  3006 | D:4      | You fall through a shaft for 3 floors!
  3050 | D:7      | Noticed a crocodile
  3085 | D:7      | Killed a crocodile
  3085 | D:7      | Reached skill level 1 in Stealth
  3085 | D:7      | Reached XP level 6. HP: 55/55 MP: 1/5
  3100 | D:7      | Noticed a slave
  3100 | D:7      | Noticed a slave
  3100 | D:7      | Noticed a slave
  3100 | D:7      | Noticed Pikel
  3103 | D:7      | Noticed a sky beast
  3103 | D:7      | Noticed a slave
  3140 | D:7      | Slain by Pikel

Skill      XL: |  1  2  3  4  5 |
---------------+----------------+-----
Axes           | 4 5 6 |  6.6
Fighting       | 4 |  4.9
Dodging        | 3 |  3.5
Armour         | 3 |  3.3
Stealth        | 1 |  1.0

Action                   |  1- 3 |  4- 6 || total
-------------------------+-------+-------++-------
Melee: Hand axe          |    77 |   143 ||   220
       Headbutt          |    16 |    27 ||    43
Throw: Stone             |       |     2 ||     2
Invok: Berserk           |     1 |     4 ||     5
       Trog's Hand       |       |     2 ||     2
  Use: Scroll            |       |     3 ||     3
  Eat: Chunk             |     2 |     6 ||     8
       Ration            |       |     1 ||     1
Armor: Animal skin       |    11 |       ||    11
       Robe              |     2 |    13 ||    15
       Ring mail         |       |    20 ||    20
Dodge: Dodged            |    62 |    82 ||   144
